 Dungeon Crawl Stone Soup version 0.24-a0-243-g8f5f5cd (webtiles) character file.

Game seed: 15317049730458305576

18 Hylith the Skirmisher (level 2, 8/24 HPs)
             Began as a Demonspawn Fighter on Apr 9, 2019.
             Quit the game on level 1 of the Dungeon.
             The game lasted 00:01:52 (345 turns).

Hylith the Skirmisher (Demonspawn Fighter)           Turns: 345, Time: 00:01:53

Health: 8/24       AC: 11    Str: 16    XL:     2   Next: 48%
Magic:  2/2        EV:  4    Int:  9    God:
Gold:   17         SH:  8    Dex: 12    Spells: 1/1 levels left

rFire    . . .     SeeInvis .   a - +0 flail
rCold    . . .     Gourm    .   c - +0 shield
rNeg     . . .     Faith    .   e - +0 chain mail
rPois    .         Spirit   .   (no helmet)
rElec    .         Reflect  .   (no cloak)
rCorr    .         Harm     .   (no gloves)
MR       .....                  (no boots)
Stlth    ..........             (no amulet)
HPRegen  0.08/turn              (no ring)
MPRegen  0.08/turn              (no ring)

@: no status effects
A: icy blue scales 1
a: no special abilities


You were on level 1 of the Dungeon.
You were not hungry.

You visited 1 branch of the dungeon, and saw 1 of its levels.

You collected 17 gold pieces.

Inventory:

Hand Weapons
 a - a +0 flail (weapon)
Armour
 c - a +0 shield (worn)
 e - a +0 chain mail (worn)
Scrolls
 g - a scroll of teleportation {unknown}
 i - a scroll of enchant weapon {unknown}
Potions
 d - a potion of might
 h - a potion of heal wounds {unknown}
Comestibles
 b - 8 chunks of flesh
 f - 2 rations


   Skills:
 + Level 3.1 Fighting
 + Level 2.0 Maces & Flails
 + Level 3.0 Armour
 + Level 2.9 Shields


You had one spell level left.
You didn't know any spells.
Your spell library was empty.

Dungeon Overview and Level Annotations

Branches:
Dungeon (1/15)

Altars:


Innate Abilities, Weirdness & Mutations

You are partially covered in icy blue scales. (AC +2)


Message History

The bat hits you.
* * * LOW HITPOINT WARNING * * *
The bat hits you but does no damage.
You closely miss the bat. You block the bat's attack.
The bat hits you but does no damage.
Some of the chunks of flesh in your inventory have rotted away.
You miss the bat. The bat barely misses you. You block the bat's attack.
The bat barely misses you.
You hit the bat but do no damage. The bat barely misses you.
You block the bat's attack. The bat hits you but does no damage.
The bat hits you but does no damage. The bat barely misses you.
The bat barely misses you.
You closely miss the bat. You block the bat's attack.
You block the bat's attack.
You miss the bat. The bat hits you but does no damage.
You block the bat's attack. The bat barely misses you.
Your shield and chain mail prevent you from hitting the bat.
The bat barely misses you.
Are you sure you want to abandon this character and quit the game? (Confirm with "yes".)

.........#.####.#......#......#
#########..............#......#
#....##(#......#......#
#....#..#.#..#.#......#
#....##(#.#..#.#......#
#....##(#.#..# #......#
#....##.#. ..# #....##)#
.....##@# ###..##.# #.......#
#.###.......... #............
#.###........ ... .....#### $..
###..# .. ..#


There were no monsters in sight!

Vanquished Creatures
  2 leopard geckos (D:1)
  2 giant cockroaches (D:1)
  3 hobgoblins (D:1)
  4 jackals (D:1)
  A kobold (D:1)
12 creatures vanquished.

Notes
Turn   | Place    | Note
-------+----------+-------------------------------------------
     0 | D:1      | Hylith the Demonspawn Fighter began the quest for the Orb.
     0 | D:1      | Reached XP level 1. HP: 18/18 MP: 1/1
   227 | D:1      | Gained mutation: You are partially covered in icy blue
                  | scales. (AC +2) [demonic ancestry]
   227 | D:1      | Reached XP level 2. HP: 21/24 MP: 2/2
   345 | D:1      | Quit the game

Levels and vault maps discovered:
D:1:      lemuel_arrival_behind_the_door_large, layout_basic,
          minmay_misc_feat_enclosed, hex_medium, hangedman_abyss_or_decor_stabs

Skill      XL: |  1  2 |
---------------+-------+-----
Maces & Flails | 2 |  2.0
Armour         | 3 |  3.0
Fighting       | |  3.1
Shields        | |  2.9

Action                   || total
-------------------------++-------
Melee: Flail             ||    63
Armor: Chain mail        ||    65
Dodge: Dodged            ||    31
Block: Shield            ||    51

Table legend:
 A = Non-vault XP
 B = Vault XP
 C = Vault XP percentage of total XP
 D = Non-vault monster count
 E = Vault monster count
 F = Vault count percentage of total count
                 A         B        C        D         E       F
            +---------+---------+-------+---------+---------+-------
      Total |      26 |       0 |   0.0 |      12 |       0 |   0.0
            +---------+---------+-------+---------+---------+-------
        D:1 |      26 |       0 |   0.0 |      12 |       0 |   0.0
            +---------+---------+-------+---------+---------+-------
